 Dungeon Crawl Stone Soup version 0.28.0 (webtiles) character file.

Game seed: 7460085219645870151

628 themarg the Slasher (level 7, 0/63 HPs)
             Began as a Minotaur Berserker on Feb 8, 2022.
             Was a Priest of Trog.
             Slain by an ogre (21 damage)
             ... on level 4 of the Dungeon.
             The game lasted 00:18:42 (4824 turns).

themarg the Slasher (Minotaur Berserker)            Turns: 4824, Time: 00:18:43

Health: 0/63       AC:  3    Str: 22    XL:     7   Next: 23%
Magic:  6/6        EV: 12    Int:  4    God:    Trog [***...]
Gold:   88         SH:  0    Dex: 11    Spells: 6/6 levels left

rFire   . . .      SeeInvis .   a - +0 falchion
rCold   . . .      Faith    .   (no shield)
rNeg    . . .      Spirit   .   h - +0 leather armour
rPois   .          Reflect  .   (helmet restricted)
rElec   .          Harm     .   (no cloak)
rCorr   .          Rampage  .   (no gloves)
Will    .....                   (no boots)
Stlth   +.........              (no amulet)
HPRegen 0.20/turn               (no ring)
MPRegen 0.10/turn               (no ring)

@: no status effects
A: horns 2, retaliatory headbutt
a: Renounce Religion, Berserk, Trog's Hand


You were on level 4 of the Dungeon.
You worshipped Trog.
Trog was most pleased with you.
You visited 1 branch of the dungeon, and saw 4 of its levels.

You collected 88 gold pieces.

Inventory:

Hand Weapons
 a - a +0 falchion (weapon)
Missiles
 k - 18 stones (quivered)
Armour
 b - a +0 animal skin
 d - a +0 robe
 h - a +0 leather armour (worn)
Scrolls
 i - 8 scrolls of identify {unknown}
 j - a scroll of enchant weapon {unknown}
 l - a scroll of amnesia {unknown}
 n - a scroll of enchant armour {unknown}
 r - a scroll of immolation {unknown}
Potions
 c - a potion of might {unknown}
 e - 2 potions of ambrosia {unknown}
 f - a potion of heal wounds
 g - a potion of brilliance {unknown}
 m - a potion of degeneration {unknown}
 o - a potion of attraction {unknown}
 p - 2 potions of flight {unknown}
 q - a potion of berserk rage {unknown}


   Skills:
 + Level 6.0 Fighting
 + Level 7.0 Long Blades
 + Level 4.0 Armour
 + Level 3.7 Dodging
 + Level 1.7 Stealth


You had 6 spell levels left.
You didn't know any spells.
Your spell library was empty.

Dungeon Overview and Level Annotations

Branches:
Dungeon (4/15)
 Temple: D:4-7

Altars:
Wu Jian

Shops:
D:1 :   D:4 *

Annotations:
D:3 3 runed translucent doors, 1 exclusion, sasquatch's ghost, amateur FoFi


Innate Abilities, Weirdness & Mutations

You have a pair of horns on your head.
You reflexively headbutt those who attack you in melee.


Message History

The ball python is moderately wounded.
The ball python completely misses you. The ball python closely misses you.
You slash the ball python!
You kill the ball python!
Trog accepts your kill.
You see here a ball python corpse.
Found Suimiz's Superlative Supplies.
A hobgoblin comes into view.
The hobgoblin shouts!
There is an entrance to Suimiz's Superlative Supplies here.
You hit the hobgoblin. You headbutt the hobgoblin.
You kill the hobgoblin!
Trog accepts your kill.
i - 8 scrolls labelled SUM KAHAS LAO (gained 1)
Found an ornate altar of the Wu Jian Council.
An ogre comes into view. It is wielding a +0 giant club.
The ogre shouts!
The ogre moves out of view.
A goblin comes into view. It is wielding a +0 club.
The goblin shouts!
The ogre hits you with a +0 giant club!!
You slash the ogre!
The ogre is moderately wounded.
The ogre barely misses you. You furiously retaliate!
You headbutt the ogre. You closely miss the ogre. You headbutt the ogre!
The ogre is severely wounded.
The goblin hits you with a +0 club.
The ogre hits you with a +0 giant club!!
* * * LOW HITPOINT WARNING * * *
You miss the goblin. The goblin closely misses you. You furiously retaliate!
You headbutt the goblin. You hit the goblin.
You kill the goblin!
Trog accepts your kill.
You see here a ball python corpse.
There is a stone staircase leading up, spattered with blood here.
You hit the ogre.
The ogre is severely wounded.
The ogre hits you with a +0 giant club!!
You die...

#.#..#### #.##....####
#.#####....## ### #.#
####..###.# ###>########...>..#
#.## #.............#####
######...
#..####.##.....########..##...#
#..##....###...........(.......
#.#####.....†.@................
###...##.###..O................
##♣.<.♣#####..................#
#.......#..................##..
#.>.♣...'.##.....)........†....
#.......####...........####..##
##♣.<.♣## #.#########.†.......
#...# ##.# ####....##
#########..# ##....##


You could see an ogre.

Vanquished Creatures
  Grinder (D:3)
  2 black bears
  An ogre (D:3)
  A bullfrog skeleton (D:4)
  8 adders
  3 worms (D:2)
  2 dart slugs
  An orc (D:4)
  7 ball pythons
  3 bats
  10 endoplasms
  4 giant cockroaches
  10 goblins
  7 hobgoblins
  6 quokkas
  6 frilled lizards
  5 kobolds
  3 rats
80 creatures vanquished.

Vanquished Creatures (others)
  A jackal (D:4)
  4 fungi (D:4)
5 creatures vanquished.

Grand Total: 85 creatures vanquished

Notes
Turn   | Place    | Note
-------+----------+-------------------------------------------
     0 | D:1      | themarg the Minotaur Berserker began the quest for the Orb.
     0 | D:1      | Reached XP level 1. HP: 19/19 MP: 0/0
    43 | D:1      | Found a faded altar of an unknown god.
   497 | D:1      | Reached XP level 2. HP: 22/27 MP: 1/1
   602 | D:1      | Reached skill level 4 in Long Blades
  1031 | D:1      | Reached ** piety under Trog
  1032 | D:1      | Reached XP level 3. HP: 23/34 MP: 2/2
  1252 | D:1      | Found Vureygh's Book Shoppe.
  1883 | D:2      | Reached XP level 4. HP: 33/41 MP: 3/3
  2562 | D:2      | Reached skill level 5 in Long Blades
  3408 | D:3      | Found a runed translucent gate.
  3417 | D:3      | Found a runed translucent gate.
  3417 | D:3      | Found a runed translucent gate.
  3420 | D:3      | Noticed sasquatch's ghost (amateur FoFi)
  3735 | D:4      | Reached *** piety under Trog
  3736 | D:4      | Reached skill level 1 in Stealth
  3736 | D:4      | Reached XP level 5. HP: 21/47 MP: 4/4
  4000 | D:4      | Reached skill level 5 in Fighting
  4115 | D:4      | Noticed an ogre
  4208 | D:3      | Killed an ogre
  4452 | D:4      | Reached XP level 6. HP: 53/56 MP: 5/5
  4481 | D:4      | Noticed Grinder
  4495 | D:3      | Reached skill level 6 in Long Blades
  4524 | D:3      | Paralysed by Grinder for 3 turns
  4555 | D:3      | Killed Grinder
  4556 | D:3      | Reached XP level 7. HP: 62/62 MP: 6/6
  4676 | D:4      | Reached skill level 7 in Long Blades
  4754 | D:4      | Found Suimiz's Superlative Supplies.
  4775 | D:4      | Found an ornate altar of the Wu Jian Council.
  4824 | D:4      | Slain by an ogre

Illustrated notes

Levels and vault maps discovered:
D:1:      dpeg_arrival_rooms_b, layout_basic, serial_shops, shop,
          hellmonk_ecumenical_altar_leap_of_faith, minmay_misc_feat_room
D:2:      layout_loops_corners, kennysheep_generic_room_12
D:3:      layout_basic, gammafunk_ghost_necromancy
D:4:      layout_rooms, overflow_temple_1_default, fiery_altar_vehumet,
          serial_aquarium, aquarium_bridge_straight [aquarium_subvault_bridge,
          aquarium_subvault_wall, aquarium_subvault_bridge,
          aquarium_subvault_balcony], aquarium_window_fake, aquarium_window_1,
          aquarium_window_fake, aquarium_window_1, aquarium_view_2a,
          aquarium_view_2d, aquarium_balcony_1b, grunt_ministairs_7,
          nicolae_alphabet_shops, minmay_hollow_rounded_squares, uniq_grinder

Skill      XL: |  1  2  3  4  5  6  7 |
---------------+----------------------+-----
Fighting       | 4 5 6 |  6.0
Long Blades    | 4 5 6 7 |  7.0
Stealth        | 1 |  1.7
Dodging        | 3 |  3.7
Armour         | 3 4 |  4.0

Action                   |  1- 3 |  4- 6 |  7- 9 || total
-------------------------+-------+-------+-------++-------
Melee: Falchion          |    91 |   105 |    11 ||   207
       Headbutt          |     7 |    17 |     4 ||    28
       Punch             |     1 |       |       ||     1
  Use: Potion            |       |     2 |       ||     2
Armor: Animal skin       |     8 |       |       ||     8
       Leather armour    |       |    19 |     1 ||    20
Dodge: Dodged            |    60 |    53 |     7 ||   120
